GULF
PORT LAVACA INDIANS @ GALVESTON SAND CRABS
07/18/1982
 
TOP OF THE 1ST
Port Lavaca Indians batting - Pitching for Galveston Sand Crabs : RHP Bill Mooneyham
Pitching: RHP Bill Mooneyham
Batting: LHB William Tirado 0-0: SINGLE (Line Drive, 4D, EV 102.5 MPH)
Batting: RHB Geoff Petersen 0-0: Ball
1-0: Fly out, F5 (Popup, 56S, EV 84.4 MPH)
Batting: LHB Wally Joyner 0-0: Fielders Choice at 2nd, 1-6 (Groundball, 13S, EV 69.4 MPH)
Batting: SHB John Rigos 0-0: Ball
1-0: Ball
2-0: Ball
3-0: Base on Balls
Wally Joyner to second
Batting: RHB Robbie Wine 0-0: Fly out, F6 (Popup, 15S, EV 88.1 MPH)
Top of the 1st over - 0 runs, 1 hit, 0 errors, 2 left on base; Port Lavaca 0 - Galveston 0
BOTTOM OF THE 1ST
Galveston Sand Crabs batting - Pitching for Port Lavaca Indians : RHP Toby Blythe
Pitching: RHP Toby Blythe
Batting: SHB Ricardo Rivera 0-0: Ball
1-0: Fly out, F5 (Popup, 6S, EV 75.0 MPH)
Batting: RHB Sergio Padilla 0-0: Called Strike
0-1: Ball
1-1: Swinging Strike
1-2: Foul Ball, location: 2F
1-2: Foul Ball, location: 2F
1-2: Ground out 5-3 (Groundball, 5S, EV 88.1 MPH)
Batting: LHB Van Snider 0-0: Fly out, F8 (Flyball, 8LM, EV 81.9 MPH)
Bottom of the 1st over - 0 runs, 0 hits, 0 errors, 0 left on base; Port Lavaca 0 - Galveston 0
TOP OF THE 2ND
Port Lavaca Indians batting - Pitching for Galveston Sand Crabs : RHP Bill Mooneyham
Batting: SHB Ruben Sierra 0-0: Ball
1-0: Foul Ball, location: 2F
1-1: Ball
2-1: Foul Ball, location: 2F
2-2: Foul Ball, location: 2F
2-2: Fly out, F5 (Flyball, 5D, EV 88.8 MPH)
Batting: RHB Robert Mills 0-0: SINGLE (Line Drive, 78M, EV 86.9 MPH)
Batting: LHB Jim Spring 0-0: Fielders Choice at 2nd, 4-6 (Groundball, 4MS, EV 83.8 MPH)
Batting: RHB Jeffrey Rhodes 0-0: Ball
1-0: Called Strike
1-1: Called Strike
1-2: Strikes out swinging
Top of the 2nd over - 0 runs, 1 hit, 0 errors, 1 left on base; Port Lavaca 0 - Galveston 0
BOTTOM OF THE 2ND
Galveston Sand Crabs batting - Pitching for Port Lavaca Indians : RHP Toby Blythe
Batting: RHB Stephen Fleming 0-0: Swinging Strike
0-1: Ball
1-1: Ball
2-1: Fly out, F6 (Popup, 6MD, EV 51.9 MPH)
Batting: RHB Cayetano Cadahia 0-0: Swinging Strike
0-1: Ball
1-1: Ground out 6-3 (Groundball, 6, EV 80.6 MPH)
Batting: SHB Darryl Wilks 0-0: Ball
1-0: DOUBLE (Flyball, 8LD, EV 99.4 MPH)
Batting: LHB Dave Montanari 0-0: Swinging Strike
0-1: Called Strike
0-2: Ball
1-2: Ground out U3 (Groundball, 3, EV 90.6 MPH)
Bottom of the 2nd over - 0 runs, 1 hit, 0 errors, 1 left on base; Port Lavaca 0 - Galveston 0
TOP OF THE 3RD
Port Lavaca Indians batting - Pitching for Galveston Sand Crabs : RHP Bill Mooneyham
Batting: LHB William Tirado 0-0: Foul Ball, location: 2F
0-1: Foul Ball, location: 2F
0-2: Ball
1-2: Ball
2-2: Ball
3-2: Ground out 6-3 (Groundball, P, EV 83.8 MPH)
Batting: RHB Geoff Petersen 0-0: Ball
1-0: Called Strike
1-1: Foul Ball, location: 2F
1-2: Ball
2-2: Foul Ball, location: 2F
2-2: Foul Ball, location: 2F
2-2: Strikes out swinging
Batting: LHB Wally Joyner 0-0: Ball
1-0: Foul Ball, location: 2F
1-1: Ball
2-1: Ball
3-1: Called Strike
3-2: Strikes out swinging
Top of the 3rd over - 0 runs, 0 hits, 0 errors, 0 left on base; Port Lavaca 0 - Galveston 0
BOTTOM OF THE 3RD
Galveston Sand Crabs batting - Pitching for Port Lavaca Indians : RHP Toby Blythe
Batting: RHB Wil Muela 0-0: DOUBLE (Flyball, 89XD, EV 106.3 MPH)
Batting: RHB Jon Debus 0-0: Ball
1-0: Ball
2-0: Called Strike
2-1: Foul Ball, location: 2F
2-2: Ball
3-2: Base on Balls
Batting: SHB Ricardo Rivera 0-0: Ball
1-0: Ball
2-0: Called Strike
2-1: Called Strike
2-2: Strikes out swinging
Batting: RHB Sergio Padilla 0-0: Ball
Jon Debus steals 2nd base
Wil Muela steals 3rd base
1-0: Called Strike
1-1: Called Strike
1-2: SINGLE (Groundball, 6S, EV 66.3 MPH) (infield hit)
Wil Muela scores
Jon Debus to third
Batting: LHB Van Snider 0-0: Ball
1-0: Fielders Choice at 2nd, 3-6 (Groundball, 34S, EV 85.6 MPH)
Jon Debus scores
Batting: RHB Stephen Fleming 0-0: Called Strike
0-1: Ball
1-1: Ball
2-1: Swinging Strike
2-2: Ball
3-2: Fly out, F7 (Flyball, 7LM, EV 89.4 MPH)
Bottom of the 3rd over - 2 runs, 2 hits, 0 errors, 1 left on base; Port Lavaca 0 - Galveston 2
TOP OF THE 4TH
Port Lavaca Indians batting - Pitching for Galveston Sand Crabs : RHP Bill Mooneyham
Batting: SHB John Rigos 0-0: Foul Ball, location: 2F
0-1: Swinging Strike
0-2: Foul Ball, location: 2F
0-2: Ball
1-2: Ball
2-2: Fly out, F8 (Flyball, 89XD, EV 96.3 MPH)
Batting: RHB Robbie Wine 0-0: Called Strike
0-1: Called Strike
0-2: Ball
1-2: Strikes out swinging
Batting: SHB Ruben Sierra 0-0: Called Strike
0-1: Foul Ball, location: 2F
0-2: Ball
1-2: Ball
2-2: Foul Ball, location: 2F
2-2: Strikes out swinging
Top of the 4th over - 0 runs, 0 hits, 0 errors, 0 left on base; Port Lavaca 0 - Galveston 2
BOTTOM OF THE 4TH
Galveston Sand Crabs batting - Pitching for Port Lavaca Indians : RHP Toby Blythe
Batting: RHB Cayetano Cadahia 0-0: Ball
1-0: Swinging Strike
1-1: Fly out, F9 (Flyball, 9, EV 75.6 MPH)
Batting: SHB Darryl Wilks 0-0: Ball
1-0: Ball
2-0: Ball
3-0: Called Strike
3-1: Base on Balls
Batting: LHB Dave Montanari 0-0: Ball
1-0: Called Strike
1-1: Ball
2-1: Swinging Strike
2-2: Ball
Darryl Wilks is caught stealing 2nd base 2-6
3-2: Strikes out looking
Bottom of the 4th over - 0 runs, 0 hits, 0 errors, 0 left on base; Port Lavaca 0 - Galveston 2
TOP OF THE 5TH
Port Lavaca Indians batting - Pitching for Galveston Sand Crabs : RHP Bill Mooneyham
Batting: RHB Robert Mills 0-0: Ball
1-0: Ball
2-0: Ball
3-0: Base on Balls
Batting: LHB Jim Spring 0-0: Fly out, F9 (Flyball, 89D, EV 99.4 MPH)
Batting: RHB Jeffrey Rhodes 0-0: Called Strike
0-1: DOUBLE (Flyball, 8RXD, EV 104.4 MPH)
Robert Mills to third
Runner from 3rd tries for Home, SAFE, throw by CF to trailing runner, OUT at third! 8-3-5
Batting: LHB William Tirado 0-0: Foul Ball, location: 2F
0-1: Ball
1-1: Called Strike
1-2: Foul Ball, location: 2F
1-2: Strikes out looking
Top of the 5th over - 1 run, 1 hit, 0 errors, 0 left on base; Port Lavaca 1 - Galveston 2
BOTTOM OF THE 5TH
Galveston Sand Crabs batting - Pitching for Port Lavaca Indians : RHP Toby Blythe
Batting: RHB Wil Muela 0-0: Fly out, F7 (Flyball, 7LS, EV 77.5 MPH)
Batting: RHB Jon Debus 0-0: Swinging Strike
0-1: Foul Ball, location: 2F
0-2: Ball
1-2: Ball
2-2: Foul Ball, location: 2F
2-2: Ball
3-2: Base on Balls
Batting: SHB Ricardo Rivera 0-0: Ball
1-0: Swinging Strike
1-1: Swinging Strike
1-2: Strikes out looking
Batting: RHB Sergio Padilla 0-0: Called Strike
0-1: Ball
1-1: Fielders Choice at 2nd, 6-4 (Groundball, 6, EV 99.4 MPH)
Bottom of the 5th over - 0 runs, 0 hits, 0 errors, 1 left on base; Port Lavaca 1 - Galveston 2
TOP OF THE 6TH
Port Lavaca Indians batting - Pitching for Galveston Sand Crabs : RHP Bill Mooneyham
Batting: RHB Geoff Petersen 0-0: Ball
1-0: Ball
2-0: Called Strike
2-1: Ball
3-1: Base on Balls
Batting: LHB Wally Joyner 0-0: Ball
1-0: Called Strike
1-1: Ball
2-1: Foul Ball, location: 2F
2-2: Foul Ball, location: 2F
2-2: Ball
3-2: Grounds into double play, 5-4-3 (Groundball, 5, EV 90.6 MPH)
Batting: SHB John Rigos 0-0: Ground out U3 (Groundball, 3, EV 110.0 MPH)
Top of the 6th over - 0 runs, 0 hits, 0 errors, 0 left on base; Port Lavaca 1 - Galveston 2
BOTTOM OF THE 6TH
Galveston Sand Crabs batting - Pitching for Port Lavaca Indians : RHP Toby Blythe
Batting: LHB Van Snider 0-0: Foul Ball, location: 2F
0-1: Called Strike
0-2: Fly out, F9 (Flyball, 9S, EV 92.5 MPH)
Batting: RHB Stephen Fleming 0-0: Fly out, F9 (Flyball, 89D, EV 87.5 MPH)
Batting: RHB Cayetano Cadahia 0-0: Ball
1-0: Swinging Strike
1-1: Ball
2-1: Ball
3-1: Ground out 5-3 (Groundball, 56, EV 91.9 MPH)
Bottom of the 6th over - 0 runs, 0 hits, 0 errors, 0 left on base; Port Lavaca 1 - Galveston 2
TOP OF THE 7TH
Port Lavaca Indians batting - Pitching for Galveston Sand Crabs : RHP Bill Mooneyham
Batting: RHB Robbie Wine 0-0: Ball
1-0: Swinging Strike
1-1: Ball
2-1: Ball
3-1: Base on Balls
Batting: LHB Scott Loseke 0-0: Ball
1-0: Ball
2-0: Ball
3-0: Called Strike
3-1: Base on Balls
Robbie Wine to second
Batting: RHB Robert Mills 0-0: Ground out 4-3 (Groundball, 4MS, EV 76.3 MPH)
Robbie Wine to third
Scott Loseke to second
Batting: LHB Jim Spring 0-0: Swinging Strike
0-1: Foul Ball, location: 2F
0-2: Ball
1-2: Strikes out swinging
Pinch Hitting: LHB Antonio Huerta 0-0: Ball
1-0: Foul Ball, location: 2F
1-1: Ball
2-1: Called Strike
2-2: Foul Ball, location: 2F
2-2: Ball
3-2: Strikes out swinging
Top of the 7th over - 0 runs, 0 hits, 0 errors, 2 left on base; Port Lavaca 1 - Galveston 2
BOTTOM OF THE 7TH
Galveston Sand Crabs batting - Pitching for Port Lavaca Indians : RHP Toby Blythe
Now in CF: Jim Lindeman
Batting: SHB Darryl Wilks 0-0: Ball
1-0: Swinging Strike
1-1: Ball
2-1: Swinging Strike
2-2: Foul Ball, location: 2F
2-2: Strikes out swinging
Batting: LHB Dave Montanari 0-0: Swinging Strike
0-1: Ball
1-1: Ground out 5-3 (Groundball, 56, EV 104.4 MPH)
Batting: RHB Wil Muela 0-0: Ball
1-0: Ball
2-0: SINGLE (Line Drive, 8LS, EV 107.5 MPH)
Batting: RHB Jon Debus 0-0: Called Strike
0-1: Ground out 4-3 (Groundball, 4, EV 80.0 MPH)
Bottom of the 7th over - 0 runs, 1 hit, 0 errors, 1 left on base; Port Lavaca 1 - Galveston 2
TOP OF THE 8TH
Port Lavaca Indians batting - Pitching for Galveston Sand Crabs : RHP Bill Mooneyham
Batting: LHB William Tirado 0-0: Called Strike
0-1: Ball
1-1: Called Strike
1-2: Ball
2-2: Ball
3-2: Base on Balls
Batting: RHB Geoff Petersen 0-0: Grounds into double play, 4-6-3 (Groundball, 34, EV 88.1 MPH)
Batting: LHB Wally Joyner 0-0: Called Strike
0-1: Swinging Strike
0-2: DOUBLE (Flyball, 8LXD, EV 93.1 MPH)
Batting: SHB John Rigos 0-0: Fly out, F7 (Flyball, 78D, EV 105.6 MPH)
Top of the 8th over - 0 runs, 1 hit, 0 errors, 1 left on base; Port Lavaca 1 - Galveston 2
BOTTOM OF THE 8TH
Galveston Sand Crabs batting - Pitching for Port Lavaca Indians : RHP Toby Blythe
Batting: SHB Ricardo Rivera 0-0: Called Strike
0-1: Called Strike
0-2: Reached on error, E3 (Groundball, 3, EV 91.3 MPH)
Batting: RHB Sergio Padilla 0-0: Ball
1-0: Grounds into double play, 5-4-3 (Groundball, 56S, EV 92.5 MPH)
Batting: LHB Van Snider 0-0: Called Strike
0-1: DOUBLE (Line Drive, 9LM, EV 93.8 MPH)
Batting: RHB Stephen Fleming 0-0: Ball
1-0: Ball
2-0: Ground out 3-1 (Groundball, 34, EV 108.1 MPH)
Bottom of the 8th over - 0 runs, 1 hit, 1 error, 1 left on base; Port Lavaca 1 - Galveston 2
TOP OF THE 9TH
Port Lavaca Indians batting - Pitching for Galveston Sand Crabs : RHP Bill Mooneyham
Pitching: RHP Xavier Tovar
Batting: RHB Robbie Wine 0-0: Called Strike
0-1: Swinging Strike
0-2: Ball
1-2: Ball
2-2: Foul Ball, location: 2F
2-2: Strikes out swinging
Batting: LHB Scott Loseke 0-0: Called Strike
0-1: Ball
1-1: Ball
2-1: Ball
3-1: Called Strike
3-2: SINGLE (Line Drive, 9LD, EV 106.3 MPH)
Batting: RHB Robert Mills 0-0: Ball
1-0: Swinging Strike
1-1: Ball
2-1: Ball
3-1: Base on Balls
Scott Loseke to second
Batting: LHB Jim Spring 0-0: Foul Ball, location: 2F
0-1: Swinging Strike
0-2: Ball
1-2: Ball
2-2: Fly out, F9 (Flyball, 9LM, EV 95.6 MPH)
Batting: RHB Jim Lindeman 0-0: Ball
1-0: Foul Ball, location: 2F
1-1: Ball
2-1: Ball
3-1: Base on Balls
Scott Loseke to third
Robert Mills to second
Batting: LHB William Tirado 0-0: Ball
1-0: Foul Ball, location: 2F
1-1: Foul Ball, location: 2F
1-2: SINGLE (Groundball, 34D, EV 94.4 MPH)
Scott Loseke scores
Robert Mills to third
Jim Lindeman to second
Runner from 3rd tries for Home, SAFE, throw by RF to home
Batting: RHB Geoff Petersen 0-0: Ball
1-0: Ball
2-0: Foul Ball, location: 2F
2-1: Swinging Strike
2-2: Foul Ball, location: 2F
2-2: Strikes out swinging, 2-3 out at first.
Top of the 9th over - 2 runs, 2 hits, 0 errors, 2 left on base; Port Lavaca 3 - Galveston 2
BOTTOM OF THE 9TH
Galveston Sand Crabs batting - Pitching for Port Lavaca Indians : RHP Toby Blythe
Pitching: RHP David Lesch
Now in RF: Ralph Sheffield
Pinch Hitting: LHB David Dyrek 0-0: Ball
1-0: Ball
2-0: Ball
3-0: Called Strike
3-1: Swinging Strike
3-2: Base on Balls
Batting: SHB Darryl Wilks 0-0: Ball
Wild Pitch!
David Dyrek to second
1-0: Swinging Strike
1-1: Swinging Strike
1-2: Ball
2-2: Ball
3-2: Fly out, F6 (Popup, P, EV 77.5 MPH)
Batting: LHB Dave Montanari 0-0: Ball
1-0: Foul Ball, location: 2F
1-1: SINGLE (Line Drive, 6M, EV 94.4 MPH)
David Dyrek to third
Runner from 3rd tries for Home, throw by CF and OUT! 8-2
Batting: RHB Wil Muela 0-0: Swinging Strike
0-1: Called Strike
0-2: Foul Ball, location: 2F
0-2: Ball
1-2: Ball
2-2: Ball
3-2: Strikes out swinging
Bottom of the 9th over - 0 runs, 1 hit, 0 errors, 1 left on base; Port Lavaca 3 - Galveston 2
Monday, August 17th, 2020 - OOTP Baseball 21.5 Build 76